[Event "FIDE World Senior-Women CC 2023"]
[Site "Terrasini"]
[Date "2023.10.29"]
[Round "5.3"]
[White "Krasenkowa, Elena"]
[Black "Bogumil, Tatiana"]
[Result "1/2-1/2"]
[ECO "A38"]
[WhiteElo "2089"]
[BlackElo "2080"]
[Annotator "NA RC"]
[PlyCount "25"]
[EventDate "2023.10.22"]
[EventType "swiss"]
[EventCountry "ITA"]
[SourceTitle "playchess.com"]
[Source "ChessBase"]
[SourceQuality "1"]
[TimeControl "40/5400+30:1800+30"]

1. Nf3 Nf6 2. c4 c5 3. Nc3 g6 4. d3 d5 5. cxd5 Nxd5 6. g3 Bg7 7. Nxd5 Qxd5 8. Bg2 O-O 9. O-O Nc6 10. Nd2 Qd7 11. Nc4 b6 12. Rb1 Bb7 13. Bd2 1/2-1/2

[Event "FIDE World Senior-Women CC 2023"]
[Site "Terrasini"]
[Date "2023.10.29"]
[Round "5.4"]
[White "Gaprindashvili, Nona"]
[Black "Burchardt, Brigitte"]
[Result "1/2-1/2"]
[ECO "D10"]
[WhiteElo "2267"]
[BlackElo "2124"]
[Annotator "ChessBase"]
[PlyCount "100"]
[EventDate "2023.10.22"]
[EventType "swiss"]
[EventCountry "ITA"]
[SourceTitle "playchess.com"]
[Source "ChessBase"]
[SourceQuality "1"]
[TimeControl "40/5400+30:1800+30"]

1. d4 d5 2. c4 c6 3. cxd5 cxd5 4. Bf4 Nf6 5. Nc3 e6 6. e3 a6 7. Bd3 Bd6 8. Bg3 Nc6 9. a3 e5 10. dxe5 Nxe5 11. Be2 Be6 12. Nf3 Nxf3+ 13. Bxf3 O-O 14. O-O Bxg3 15. hxg3 Qb6 16. Na4 Qd6 17. Qd4 Rfd8 18. Nb6 Rab8 19. Rfd1 Qe7 20. Rac1 h6 21. a4 Ne8 22. Bxd5 Nf6 23. e4 Bxd5 24. exd5 Ne8 25. b4 Nd6 26. Re1 Qg5 27. Rc7 Re8 28. Rcc1 Rbd8 29. Qf4 Qg6 30. Re3 Re4 31. Rxe4 Nxe4 32. a5 Nd6 33. Re1 Nb5 34. Re7 Nd6 35. g4 Qd3 36. Kh2 Qd1 37. f3 Qd3 38. Kg3 h5 39. Kh2 hxg4 40. Qxg4 Qd2 41. Re5 g6 42. Qh4 Kg7 43. Qxd8 Qf4+ 44. Kg1 Qxe5 45. Qh4 Nf5 46. Qe4 Qc3 47. Kh2 Qd2 48. f4 Qd1 49. Qe5+ Kh7 50. Qc3 Nh6 1/2-1/2

[Event "FIDE World Senior-Women CC 2023"]
[Site "Terrasini"]
[Date "2023.10.29"]
[Round "5.5"]
[White "Tereladze, Sopio"]
[Black "Kierzek, Mira"]
[Result "1-0"]
[ECO "C43"]
[WhiteElo "2215"]
[BlackElo "1941"]
[Annotator "ChessBase"]
[PlyCount "87"]
[EventDate "2023.10.22"]
[EventType "swiss"]
[EventCountry "ITA"]
[SourceTitle "playchess.com"]
[Source "ChessBase"]
[SourceQuality "1"]
[TimeControl "40/5400+30:1800+30"]

1. e4 e5 2. Nf3 Nf6 3. d4 Nxe4 4. Bd3 d5 5. Nxe5 Nd7 6. Qe2 Nxe5 7. Bxe4 dxe4 8. Qxe4 Bd6 9. dxe5 O-O 10. O-O Re8 11. Bf4 f6 12. Nc3 Bxe5 13. Rad1 Qe7 14. Bxe5 Qxe5 15. Qxe5 Rxe5 16. Rd8+ Kf7 17. Rfd1 Bg4 18. Rxa8 Bxd1 19. f4 Re7 20. Rxa7 Bxc2 21. Rxb7 c6 22. Rxe7+ Kxe7 23. Kf2 Kd6 24. Ke3 Kc5 25. g4 Bg6 26. Ne4+ Kd5 27. f5 Bf7 28. b4 Ke5 29. a4 h5 30. h3 hxg4 31. hxg4 Bc4 32. a5 c5 33. Nxc5 Bd5 34. b5 Kd6 35. Kd4 Bf3 36. Ne4+ Kc7 37. Nf2 Kd6 38. a6 Ba8 39. b6 Bc6 40. Ne4+ Kd7 41. Nc5+ Kc8 42. a7 Ba8 43. b7+ Bxb7 44. Nxb7 1-0

[Event "FIDE World Senior-Women CC 2023"]
[Site "Terrasini"]
[Date "2023.10.30"]
[Round "6.1"]
[White "Strutinskaia, Galina"]
[Black "Calzetta Ruiz, Monica"]
[Result "1-0"]
[ECO "D00"]
[WhiteElo "2114"]
[BlackElo "2239"]
[Annotator "RC"]
[PlyCount "91"]
[EventDate "2023.10.22"]
[EventType "swiss"]
[EventCountry "ITA"]
[SourceTitle "playchess.com"]
[Source "ChessBase"]
[SourceQuality "1"]
[TimeControl "40/5400+30:1800+30"]

1. d4 Nf6 2. Nc3 d5 3. Bf4 a6 4. e3 e6 5. Bd3 c5 6. Nf3 c4 7. Be2 b5 8. a3 Nbd7 9. O-O Be7 10. h3 Bb7 11. Nd2 O-O 12. Bf3 Qb6 13. Qe2 Rac8 14. g4 h6 15. Bg2 Rfe8 16. Bg3 Bc6 17. f4 Nh7 18. Nf3 a5 19. Qf2 b4 20. axb4 axb4 21. Ne2 Ra8 22. Ne5 Rxa1 23. Rxa1 Nxe5 24. fxe5 Ra8 25. Rf1 Be8 26. e4 dxe4 27. Bxe4 Ra2 28. Rb1 Ng5 29. Bg2 Bc6 30. h4 Ne4 31. Bxe4 Bxe4 32. Rf1 f5 33. exf6 Bxf6 34. g5 hxg5 35. Qe3 Qc6 36. hxg5 Bh1 37. d5 Qxd5 38. Nf4 Qd4 39. Qxd4 Bxd4+ 40. Kxh1 Bxb2 41. Nxe6 b3 42. Rf8+ Kh7 43. cxb3 cxb3 44. Rb8 Ra3 45. Nf8+ Kg8 46. g6 1-0

[Event "FIDE World Senior-Women CC 2023"]
[Site "Terrasini"]
[Date "2023.10.30"]
[Round "6.2"]
[White "Klinova, Masha"]
[Black "Khropova, Larisa"]
[Result "1/2-1/2"]
[ECO "B40"]
[WhiteElo "2249"]
[BlackElo "2054"]
[Annotator "RC"]
[PlyCount "62"]
[EventDate "2023.10.22"]
[EventType "swiss"]
[EventCountry "ITA"]
[SourceTitle "playchess.com"]
[Source "ChessBase"]
[SourceQuality "1"]
[TimeControl "40/5400+30:1800+30"]

1. e4 c5 2. Nf3 e6 3. c4 Nc6 4. Nc3 e5 5. d3 d6 6. g3 Be7 7. Bg2 Nf6 8. O-O O-O 9. a3 Be6 10. Rb1 Rb8 11. b4 b6 12. Ng5 h6 13. Nxe6 fxe6 14. f4 Nd4 15. Bh3 Kh8 16. Be3 Kh7 17. Rb2 Kh8 18. Qa4 a6 19. bxc5 bxc5 20. Rxb8 Qxb8 21. Rb1 Ne2+ 22. Kg2 Nxc3 23. Rxb8 Nxa4 24. Rb7 Bd8 25. Bxe6 Re8 26. Bf7 Rf8 27. Bg6 Ne8 28. Bd2 Nc7 29. Bf5 Na8 30. Ra7 N8b6 31. Rxa6 Kg8 1/2-1/2

[Event "FIDE World Senior-Women CC 2023"]
[Site "Terrasini"]
[Date "2023.10.30"]
[Round "6.3"]
[White "Mikhaylova, Irina"]
[Black "Krasenkowa, Elena"]
[Result "1/2-1/2"]
[ECO "A30"]
[WhiteElo "2216"]
[BlackElo "2089"]
[Annotator "RC"]
[PlyCount "124"]
[EventDate "2023.10.22"]
[EventType "swiss"]
[EventCountry "ITA"]
[SourceTitle "playchess.com"]
[Source "ChessBase"]
[SourceQuality "1"]
[TimeControl "40/5400+30:1800+30"]

1. c4 Nf6 2. Nf3 e6 3. g3 b6 4. Bg2 Bb7 5. O-O c5 6. b3 g6 7. Bb2 Bg7 8. d4 cxd4 9. Qxd4 O-O 10. Rd1 Qc7 11. Qh4 Ne4 12. Bxg7 Kxg7 13. Nc3 Nxc3 14. Qd4+ f6 15. Qxc3 Nc6 16. Rd3 Rae8 17. Rad1 Re7 18. Qd2 Rff7 19. Nd4 Nxd4 20. Rxd4 Bxg2 21. Kxg2 Qb7+ 22. Kg1 Qc7 23. Qb4 e5 24. Rd5 Re6 25. a4 h5 26. a5 h4 27. Qd2 hxg3 28. hxg3 Ree7 29. Kg2 Qc6 30. Rh1 g5 31. e4 Kg8 32. axb6 Qxb6 33. Rb5 Qc7 34. Qd5 Qc8 35. Rb7 a6 36. Ra7 Qc6 37. Ra8+ Kg7 38. Rhh8 Kg6 39. Rhg8+ Rg7 40. Rxg7+ Rxg7 41. Qxc6 dxc6 42. Rxa6 Rb7 43. Ra3 g4 44. Kf1 Kf7 45. Ke2 c5 46. f3 gxf3+ 47. Kxf3 Rd7 48. Ke3 Rb7 49. Kf3 Kg6 50. Kg4 Rb6 51. Kh4 Rb8 52. Kg4 Rb7 53. Kf3 Rb6 54. Ke3 Kg5 55. Kf3 Kg6 56. Kg4 Rb8 57. Ra5 Rxb3 58. Rxc5 Re3 59. Rc8 Rxe4+ 60. Kf3 Rd4 61. c5 Kf7 62. c6 Kg6 1/2-1/2

[Event "FIDE World Senior-Women CC 2023"]
[Site "Terrasini"]
[Date "2023.10.30"]
[Round "6.4"]
[White "Bogumil, Tatiana"]
[Black "Tereladze, Sopio"]
[Result "0-1"]
[ECO "A06"]
[WhiteElo "2080"]
[BlackElo "2215"]
[Annotator "RC"]
[PlyCount "120"]
[EventDate "2023.10.22"]
[EventType "swiss"]
[EventCountry "ITA"]
[SourceTitle "playchess.com"]
[Source "ChessBase"]
[SourceQuality "1"]
[TimeControl "40/5400+30:1800+30"]

1. Nf3 d5 2. b3 Bg4 3. Ne5 Bf5 4. d4 f6 5. Nd3 Nd7 6. Bb2 e6 7. e3 Bd6 8. c4 c6 9. Be2 Nh6 10. Nc3 O-O 11. O-O dxc4 12. bxc4 e5 13. c5 Bc7 14. Qb3+ Kh8 15. e4 exd4 16. exf5 dxc3 17. Bxc3 Qe7 18. Bf3 Nxc5 19. Nxc5 Qxc5 20. Qxb7 Bxh2+ 21. Kxh2 Qxc3 22. Qxc6 Qe5+ 23. Kg1 Rac8 24. Qe4 Qxf5 25. Qxf5 Nxf5 26. Bg4 Rc5 27. Bxf5 Rxf5 28. Rfd1 h5 29. Rd7 a5 30. Rad1 Rb8 31. Rd8+ Rxd8 32. Rxd8+ Kh7 33. g3 Rc5 34. Ra8 Kh6 35. Kg2 Kg5 36. Ra7 g6 37. Ra6 Rf5 38. Rc6 h4 39. gxh4+ Kxh4 40. Rc4+ Kg5 41. Kg3 Rd5 42. Kg2 f5 43. Rc6 Rd2 44. Kg3 Rxa2 45. Kg2 a4 46. Ra6 Kh5 47. Rf6 Rb2 48. Ra6 Rb4 49. Kg3 g5 50. Ra8 Rb3+ 51. Kg2 a3 52. Ra4 g4 53. Ra8 Kg5 54. Ra4 Kf6 55. Ra5 Kg5 56. Ra4 Rf3 57. Ra6 Kf4 58. Re6 g3 59. fxg3+ Rxg3+ 60. Kf2 Rb3 0-1

[Event "FIDE World Senior-Women CC 2023"]
[Site "Terrasini"]
[Date "2023.10.30"]
[Round "6.5"]
[White "Gaprindashvili, Nona"]
[Black "Makropoulou, Marina"]
[Result "0-1"]
[ECO "E10"]
[WhiteElo "2267"]
[BlackElo "2081"]
[Annotator "RC"]
[PlyCount "132"]
[EventDate "2023.10.22"]
[EventType "swiss"]
[EventCountry "ITA"]
[SourceTitle "playchess.com"]
[Source "ChessBase"]
[SourceQuality "1"]
[TimeControl "40/5400+30:1800+30"]

1. d4 Nf6 2. c4 e6 3. Nf3 a6 4. Bg5 h6 5. Bh4 g5 6. Bg3 Ne4 7. Nfd2 Nxg3 8. hxg3 Bg7 9. Nb3 d6 10. e3 Nc6 11. Nc3 Bd7 12. Qd2 a5 13. Nc1 a4 14. Rb1 Nb4 15. Nd3 Nc6 16. Be2 e5 17. d5 Na5 18. Nc1 b6 19. g4 h5 20. gxh5 g4 21. g3 f5 22. b4 axb3 23. axb3 Qg5 24. e4 f4 25. Nd3 Rxh5 26. Rxh5 Qxh5 27. gxf4 Qh1+ 28. Bf1 exf4 29. Nxf4 Bxc3 30. Qxc3 Qxe4+ 31. Qe3 Qxe3+ 32. fxe3 Nb7 33. Bd3 Ra2 34. b4 Ke7 35. Ne2 Nd8 36. Kf2 Nf7 37. Kg3 Ne5 38. Nc1 Ra3 39. Be2 Rxe3+ 40. Kf4 Rc3 41. Nb3 Nxc4 42. Nd4 Ne3 43. Ke4 Be8 44. Nc6+ Bxc6 45. dxc6 Nc2 46. Kf4 Nd4 47. Bxg4 Nxc6 48. b5 Rc4+ 49. Kf5 Rc5+ 50. Ke4 d5+ 51. Ke3 Ne5 52. Be2 Nc4+ 53. Kd4 Nd6 54. Bd3 Kf6 55. Rf1+ Kg5 56. Rg1+ Kf4 57. Rf1+ Kg3 58. Rb1 Kg2 59. Rb2+ Kf3 60. Rb1 Ne4 61. Re1 Nf2 62. Be2+ Kg2 63. Bf1+ Kg3 64. Re7 Ne4 65. Bd3 Nd6 66. Re5 Nxb5+ 0-1

[Event "FIDE World Senior-Women CC 2023"]
[Site "Terrasini"]
[Date "2023.11.01"]
[Round "7.1"]
[White "Makropoulou, Marina"]
[Black "Strutinskaia, Galina"]
[Result "1/2-1/2"]
[ECO "B31"]
[WhiteElo "2081"]
[BlackElo "2114"]
[Annotator "NA"]
[PlyCount "21"]
[EventDate "2023.10.22"]
[EventType "swiss"]
[EventCountry "ITA"]
[SourceTitle "playchess.com"]
[Source "ChessBase"]
[SourceQuality "1"]
[TimeControl "40/5400+30:1800+30"]

1. e4 c5 2. Nf3 Nc6 3. Bb5 g6 4. O-O Bg7 5. Bxc6 bxc6 6. Re1 Nh6 7. d4 cxd4 8. Bxh6 Bxh6 9. Qxd4 O-O 10. c4 Rb8 11. Nbd2 1/2-1/2

[Event "FIDE World Senior-Women CC 2023"]
[Site "Terrasini"]
[Date "2023.11.01"]
[Round "7.2"]
[White "Tereladze, Sopio"]
[Black "Klinova, Masha"]
[Result "1/2-1/2"]
[ECO "B06"]
[WhiteElo "2215"]
[BlackElo "2249"]
[Annotator "ChessBase"]
[PlyCount "110"]
[EventDate "2023.10.22"]
[EventType "swiss"]
[EventCountry "ITA"]
[SourceTitle "playchess.com"]
[Source "ChessBase"]
[SourceQuality "1"]
[TimeControl "40/5400+30:1800+30"]

1. e4 d6 2. d4 g6 3. Nc3 Bg7 4. Be3 a6 5. g4 b5 6. Bg2 Bb7 7. h4 h6 8. f4 Nd7 9. h5 gxh5 10. gxh5 Ngf6 11. a3 c5 12. d5 Rg8 13. Qe2 Qc7 14. Nh3 Nb6 15. O-O O-O-O 16. a4 b4 17. a5 Nbd7 18. Na4 Bh8 19. Kh1 Ng4 20. Bd2 Kb8 21. c3 b3 22. Bf3 Ngf6 23. c4 Rg3 24. Kh2 Rdg8 25. Rg1 Rxg1 26. Rxg1 Qc8 27. Rxg8 Qxg8 28. Qg2 Qxg2+ 29. Kxg2 Ne8 30. Bd1 Bd4 31. Nf2 Ng7 32. Ng4 f5 33. exf5 Nxf5 34. Bxb3 Nf6 35. Nxf6 exf6 36. Bc3 Ne3+ 37. Kf3 Bc8 38. Bxd4 cxd4 39. Ke4 Bg4 40. Kxd4 Nf5+ 41. Kc3 Bxh5 42. c5 Bf3 43. cxd6 Nxd6 44. Kd2 Nb7 45. Ke3 Bg2 46. Ba2 Nxa5 47. Nc5 Kc7 48. Nxa6+ Kd6 49. Nb4 h5 50. Kf2 Be4 51. Kg3 Nb7 52. Kh4 Kc5 53. Nc6 Bxd5 54. Bxd5 Kxd5 55. Ne7+ Ke4 1/2-1/2

[Event "FIDE World Senior-Women CC 2023"]
[Site "Terrasini"]
[Date "2023.11.01"]
[Round "7.3"]
[White "Calzetta Ruiz, Monica"]
[Black "Mikhaylova, Irina"]
[Result "1-0"]
[ECO "B30"]
[WhiteElo "2239"]
[BlackElo "2216"]
[Annotator "ChessBase"]
[PlyCount "157"]
[EventDate "2023.10.22"]
[EventType "swiss"]
[EventCountry "ITA"]
[SourceTitle "playchess.com"]
[Source "ChessBase"]
[SourceQuality "1"]
[TimeControl "40/5400+30:1800+30"]

1. e4 c5 2. Nf3 Nc6 3. Nc3 e5 4. Bc4 Be7 5. d3 Nf6 6. Ng5 O-O 7. h4 d6 8. Nd5 Ng4 9. f3 Nh6 10. Be3 Kh8 11. g4 Nd4 12. c3 Ne6 13. Qd2 Ng8 14. O-O-O f6 15. Nh3 Nc7 16. Rdg1 Rb8 17. f4 b5 18. Bb3 Be6 19. f5 Bxd5 20. exd5 a5 21. Qg2 Qe8 22. g5 fxg5 23. hxg5 Rxf5 24. Bc2 g6 25. d4 cxd4 26. Bxf5 dxe3 27. Be4 Qf7 28. Re1 b4 29. c4 Na6 30. Rxe3 Nc5 31. Rf3 Qg7 32. Nf2 Rf8 33. Rxf8 Bxf8 34. Rh3 Be7 35. Kb1 Bd8 36. Bc2 Ne7 37. Qg4 Ng8 38. Ne4 Nxe4 39. Bxe4 Qf7 40. Rf3 Qe7 41. Rg3 Qf7 42. Rf3 Qe7 43. Rh3 Qxg5 44. Bxg6 h6 45. Qxg5 Bxg5 46. a3 Kg7 47. Bc2 Nf6 48. axb4 axb4 49. Rb3 Bd2 50. Rg3+ Bg5 51. Ka2 e4 52. Kb3 e3 53. Rg2 Nh5 54. Bd1 Nf4 55. Rh2 Bf6 56. Kxb4 e2 57. Bxe2 Bxb2 58. Bf3 Bd4 59. Kb5 Bc5 60. Be4 Ba3 61. Kc6 Bc5 62. Bb1 Bb4 63. Kd7 Bc5 64. Rh4 Ne2 65. Rg4+ Kf7 66. Bg6+ Kf6 67. Bd3 Nc1 68. Bc2 Ke5 69. Re4+ Kf6 70. Re6+ Kg5 71. Rg6+ Kf4 72. Rxh6 Ke5 73. Rh4 Na2 74. Re4+ Kf5 75. Re6+ Kg5 76. Rxd6 Bxd6 77. Kxd6 Nb4 78. Bb3 Kf6 79. c5 1-0

[Event "FIDE World Senior-Women CC 2023"]
[Site "Terrasini"]
[Date "2023.11.01"]
[Round "7.4"]
[White "Khropova, Larisa"]
[Black "Krasenkowa, Elena"]
[Result "1-0"]
[ECO "D30"]
[WhiteElo "2054"]
[BlackElo "2089"]
[Annotator "NA"]
[PlyCount "153"]
[EventDate "2023.10.22"]
[EventType "swiss"]
[EventCountry "ITA"]
[SourceTitle "playchess.com"]
[Source "ChessBase"]
[SourceQuality "1"]
[TimeControl "40/5400+30:1800+30"]

1. Nf3 d5 2. d4 Nf6 3. c4 e6 4. Bg5 dxc4 5. Qa4+ Nbd7 6. Qxc4 a6 7. Nbd2 c5 8. e3 b5 9. Qc2 Bb7 10. Be2 Rc8 11. Qd1 cxd4 12. exd4 h6 13. Be3 Nd5 14. O-O Be7 15. Nb3 Nxe3 16. fxe3 O-O 17. Bd3 Qb6 18. Qe2 Rc7 19. Kh1 Bd5 20. Nbd2 Rfc8 21. e4 Bc4 22. e5 Bxd3 23. Qxd3 Rc2 24. Rab1 Qb7 25. Ne4 Qd5 26. Nc3 R8xc3 27. bxc3 Rxa2 28. Rg1 Nc5 29. Qe3 Ne4 30. h3 Ra3 31. Rgc1 b4 32. c4 Qc6 33. Rb3 Ra2 34. Kh2 Nc3 35. Rbxc3 bxc3 36. Qxc3 a5 37. c5 Bd8 38. Qb3 Re2 39. Rb1 Qe4 40. Qb7 Qf4+ 41. Kh1 Bg5 42. Rg1 Rc2 43. Qa8+ Kh7 44. Qxa5 Qe4 45. Nxg5+ hxg5 46. Qb4 Kg6 47. Qb3 Rd2 48. Qb1 Qxb1 49. Rxb1 Rxd4 50. Rc1 Rd7 51. c6 Rc7 52. g4 f6 53. Kg2 Kf7 54. Kf3 Ke7 55. Ke4 Kd8 56. Rd1+ Kc8 57. Rd6 Re7 58. Kd4 Kc7 59. Kc5 fxe5 60. Rd1 Rf7 61. Ra1 Rf3 62. Ra7+ Kc8 63. Rxg7 Rxh3 64. Rxg5 e4 65. Kd6 Rd3+ 66. Kxe6 Kc7 67. Re5 e3 68. g5 Kxc6 69. g6 e2 70. Rxe2 Rg3 71. Rc2+ Kb7 72. Kf7 Rf3+ 73. Kg8 Kb8 74. g7 Rf1 75. Rh2 Kc7 76. Kh8 Rg1 77. g8=Q 1-0

[Event "FIDE World Senior-Women CC 2023"]
[Site "Terrasini"]
[Date "2023.11.01"]
[Round "7.5"]
[White "Pancu, Aureliana-Eugenia"]
[Black "Gaprindashvili, Nona"]
[Result "0-1"]
[ECO "B10"]
[WhiteElo "1865"]
[BlackElo "2267"]
[Annotator "ChessBase"]
[PlyCount "70"]
[EventDate "2023.10.22"]
[EventType "swiss"]
[EventCountry "ITA"]
[SourceTitle "playchess.com"]
[Source "ChessBase"]
[SourceQuality "1"]
[TimeControl "40/5400+30:1800+30"]

1. Nf3 g6 2. g3 Bg7 3. Bg2 e5 4. d3 d5 5. Nbd2 Ne7 6. e4 c6 7. O-O O-O 8. Re1 d4 9. a4 c5 10. Nc4 Nbc6 11. Bd2 b6 12. Qc1 f6 13. Bh6 Be6 14. Bxg7 Kxg7 15. Ncd2 Nb4 16. Bf1 Rc8 17. b3 Qc7 18. Nb1 a6 19. Na3 Rb8 20. c3 dxc3 21. Qxc3 Nec6 22. Nc2 Nxc2 23. Qxc2 Qf7 24. Rab1 Rbc8 25. h3 Nd4 26. Nxd4 cxd4 27. Qd2 Rc3 28. b4 Rfc8 29. Rb2 Qd7 30. a5 b5 31. h4 R8c7 32. f4 h6 33. h5 g5 34. f5 Bb3 35. Qf2 Qd6 0-1

[Event "FIDE World Senior-Women CC 2023"]
[Site "Terrasini"]
[Date "2023.11.02"]
[Round "8.1"]
[White "Strutinskaia, Galina"]
[Black "Tereladze, Sopio"]
[Result "1/2-1/2"]
[ECO "D33"]
[WhiteElo "2114"]
[BlackElo "2215"]
[Annotator "ChessBase"]
[PlyCount "42"]
[EventDate "2023.10.22"]
[EventType "swiss"]
[EventCountry "ITA"]
[SourceTitle "playchess.com"]
[Source "ChessBase"]
[SourceQuality "1"]
[TimeControl "40/5400+30:1800+30"]

1. d4 d5 2. c4 e6 3. Nc3 c5 4. cxd5 exd5 5. Nf3 Nf6 6. g3 Nc6 7. Bg2 cxd4 8. Nxd4 Bc5 9. Nb3 Bb6 10. O-O d4 11. Na4 O-O 12. Bg5 Bg4 13. h3 Be6 14. Nac5 Bxb3 15. Nxb3 h6 16. Bf4 Re8 17. Rc1 Qe7 18. Rxc6 bxc6 19. Bxc6 Rad8 20. Bxe8 Qxe8 21. Qd3 Qe6 1/2-1/2

[Event "FIDE World Senior-Women CC 2023"]
[Site "Terrasini"]
[Date "2023.11.02"]
[Round "8.2"]
[White "Makropoulou, Marina"]
[Black "Calzetta Ruiz, Monica"]
[Result "0-1"]
[ECO "B51"]
[WhiteElo "2081"]
[BlackElo "2239"]
[Annotator "ChessBase"]
[PlyCount "102"]
[EventDate "2023.10.22"]
[EventType "swiss"]
[EventCountry "ITA"]
[SourceTitle "playchess.com"]
[Source "ChessBase"]
[SourceQuality "1"]
[TimeControl "40/5400+30:1800+30"]

1. e4 c5 2. Nf3 d6 3. Bb5+ Nd7 4. O-O a6 5. Be2 Ngf6 6. d3 g6 7. a4 b6 8. c4 Bg7 9. Nc3 Bb7 10. h3 O-O 11. Be3 Re8 12. Nh2 e6 13. g4 d5 14. g5 Nxe4 15. Nxe4 dxe4 16. Ng4 exd3 17. Bxd3 Ne5 18. Nxe5 Bxe5 19. Qc2 Bxb2 20. Bxg6 hxg6 21. Qxb2 Qd3 22. Kh2 Qd6+ 23. Kg1 Qc6 24. f3 e5 25. Rab1 Qe6 26. Kg2 Qxc4 27. Qxb6 Qe2+ 28. Kg3 Qxe3 29. Qxb7 Qxg5+ 30. Kh2 Rad8 31. Rb2 Rd2+ 32. Rxd2 Qxd2+ 33. Kh1 Qe2 34. Rc1 Rd8 35. Qe4 Qxe4 36. fxe4 Rc8 37. Rc4 Kf8 38. Kg2 Ke7 39. Kf3 Kd6 40. Kg4 f6 41. h4 Rb8 42. h5 gxh5+ 43. Kf5 Rb4 44. Rc1 Rxa4 45. Rd1+ Ke7 46. Rh1 Ra2 47. Rxh5 Rf2+ 48. Kg6 Rg2+ 49. Kh6 Rg8 50. Kh7 Rg4 51. Rh2 Kf7 0-1

[Event "FIDE World Senior-Women CC 2023"]
[Site "Terrasini"]
[Date "2023.11.02"]
[Round "8.3"]
[White "Leszner, Liliana"]
[Black "Khropova, Larisa"]
[Result "1/2-1/2"]
[ECO "B23"]
[WhiteElo "1891"]
[BlackElo "2054"]
[Annotator "NA"]
[PlyCount "44"]
[EventDate "2023.10.22"]
[EventType "swiss"]
[EventCountry "ITA"]
[SourceTitle "playchess.com"]
[Source "ChessBase"]
[SourceQuality "1"]
[TimeControl "40/5400+30:1800+30"]

1. e4 c5 2. Nc3 e6 3. g3 d5 4. d3 d4 5. Nce2 b6 6. Bg2 Bb7 7. Nf3 Nf6 8. O-O Be7 9. h3 Nc6 10. Bg5 Nd7 11. Bxe7 Qxe7 12. Qd2 O-O 13. Nh4 g5 14. Nf3 f6 15. Nh2 Kh8 16. f4 Rg8 17. g4 gxf4 18. Nxf4 Nce5 19. Nh5 Raf8 20. Rf2 Qe8 21. Ng3 Qb8 22. Qf4 c4 1/2-1/2

[Event "FIDE World Senior-Women CC 2023"]
[Site "Terrasini"]
[Date "2023.11.02"]
[Round "8.4"]
[White "Klinova, Masha"]
[Black "Folkova, Martina"]
[Result "1/2-1/2"]
[ECO "C54"]
[WhiteElo "2249"]
[BlackElo "2022"]
[Annotator "ChessBase"]
[PlyCount "44"]
[EventDate "2023.10.22"]
[EventType "swiss"]
[EventCountry "ITA"]
[SourceTitle "playchess.com"]
[Source "ChessBase"]
[SourceQuality "1"]
[TimeControl "40/5400+30:1800+30"]

1. e4 e5 2. Nf3 Nc6 3. Bc4 Bc5 4. c3 Nf6 5. d3 a6 6. Bb3 Ba7 7. O-O O-O 8. Nbd2 d6 9. Nc4 Be6 10. Bg5 h6 11. Bh4 g5 12. Bg3 Ne7 13. Ne3 Ng6 14. Bc2 Nh5 15. d4 g4 16. Ne1 Qg5 17. Nf5 Ng7 18. f3 Nxf5 19. exf5 Bxf5 20. Bxf5 Qxf5 21. fxg4 Qe6 22. Nc2 f5 1/2-1/2

[Event "FIDE World Senior-Women CC 2023"]
[Site "Terrasini"]
[Date "2023.11.02"]
[Round "8.5"]
[White "Krasenkowa, Elena"]
[Black "Gaprindashvili, Nona"]
[Result "1/2-1/2"]
[ECO "A44"]
[WhiteElo "2089"]
[BlackElo "2267"]
[Annotator "ChessBase"]
[PlyCount "47"]
[EventDate "2023.10.22"]
[EventType "swiss"]
[EventCountry "ITA"]
[SourceTitle "playchess.com"]
[Source "ChessBase"]
[SourceQuality "1"]
[TimeControl "40/5400+30:1800+30"]

1. d4 c5 2. d5 e5 3. e4 d6 4. Bb5+ Nd7 5. a4 g6 6. Nf3 f6 7. Nc3 Nh6 8. O-O Bg7 9. a5 a6 10. Bc4 Nf7 11. Be3 O-O 12. Nd2 Bh6 13. Qe2 Bxe3 14. Qxe3 b5 15. axb6 Nxb6 16. Ra3 Nxc4 17. Nxc4 Rb8 18. b3 Qc7 19. Rfa1 Kg7 20. Ne2 Re8 21. Nc3 Rb4 22. Na2 Rb8 23. Nc3 Rb4 24. Na2 1/2-1/2

[Event "FIDE World Senior-Women CC 2023"]
[Site "Terrasini"]
[Date "2023.11.03"]
[Round "9.1"]
[White "Calzetta Ruiz, Monica"]
[Black "Tereladze, Sopio"]
[Result "1-0"]
[ECO "C91"]
[WhiteElo "2239"]
[BlackElo "2215"]
[Annotator "RC"]
[PlyCount "51"]
[EventDate "2023.10.22"]
[EventType "swiss"]
[EventCountry "ITA"]
[SourceTitle "playchess.com"]
[Source "ChessBase"]
[SourceQuality "1"]
[TimeControl "40/5400+30:1800+30"]

1. e4 e5 2. Nf3 Nc6 3. Bb5 a6 4. Ba4 Nf6 5. O-O Be7 6. Re1 b5 7. Bb3 O-O 8. d4 d6 9. c3 Bg4 10. Be3 exd4 11. cxd4 d5 12. e5 Ne4 13. Nc3 Nxc3 14. bxc3 Na5 15. Bc2 Bh5 16. a4 Nc4 17. axb5 axb5 18. Rxa8 Qxa8 19. Qb1 Na3 20. Bxh7+ Kh8 21. Qf5 g6 22. Qf4 Kxh7 23. Qh6+ Kg8 24. Ng5 Bxg5 25. Bxg5 f6 26. Bxf6 1-0

[Event "FIDE World Senior-Women CC 2023"]
[Site "Terrasini"]
[Date "2023.11.03"]
[Round "9.2"]
[White "Khropova, Larisa"]
[Black "Strutinskaia, Galina"]
[Result "0-1"]
[ECO "A47"]
[WhiteElo "2054"]
[BlackElo "2114"]
[Annotator "NA RC"]
[PlyCount "104"]
[EventDate "2023.10.22"]
[EventType "swiss"]
[EventCountry "ITA"]
[SourceTitle "playchess.com"]
[Source "ChessBase"]
[SourceQuality "1"]
[TimeControl "40/5400+30:1800+30"]

1. d4 Nf6 2. Nf3 e6 3. Bf4 b6 4. e3 Bb7 5. Bd3 Nh5 6. Bg5 f6 7. Bh4 g6 8. O-O Be7 9. c4 O-O 10. Nc3 Qe8 11. Nd2 Nc6 12. a3 a6 13. Be2 Ng7 14. Bg3 Rc8 15. h3 Nd8 16. Bf3 Nf5 17. Bh2 h5 18. b4 Kh7 19. Bxb7 Nxb7 20. Nf3 g5 21. e4 Nh6 22. Qd3 Rg8 23. Nd2 Qg6 24. Qe2 g4 25. hxg4 Nxg4 26. f3 Ne3 27. Rf2 Nc2 28. Ra2 Nxd4 29. Qf1 c5 30. b5 axb5 31. Nxb5 Rg7 32. Kh1 Na5 33. a4 Nac6 34. Rb2 Ra8 35. Nc3 Bd8 36. Ndb1 Qh6 37. Qe1 f5 38. Rf1 Qg6 39. Qd2 Bg5 40. Bf4 Bd8 41. Bh2 Bg5 42. Bf4 Na5 43. Na3 Bd8 44. Bh2 h4 45. Qe3 Nac6 46. Qd2 Qh5 47. Qe3 Bg5 48. Bf4 Rag8 49. Bxg5 Rxg5 50. Qf4 Rg3 51. exf5 h3 52. gxh3 e5 0-1

[Event "FIDE World Senior-Women CC 2023"]
[Site "Terrasini"]
[Date "2023.11.03"]
[Round "9.3"]
[White "Burchardt, Brigitte"]
[Black "Klinova, Masha"]
[Result "0-1"]
[ECO "B06"]
[WhiteElo "2124"]
[BlackElo "2249"]
[Annotator "RC"]
[PlyCount "94"]
[EventDate "2023.10.22"]
[EventType "swiss"]
[EventCountry "ITA"]
[SourceTitle "playchess.com"]
[Source "ChessBase"]
[SourceQuality "1"]
[TimeControl "40/5400+30:1800+30"]

1. e4 d6 2. d4 g6 3. Nc3 Bg7 4. Be3 a6 5. Qd2 Nd7 6. Nf3 b5 7. a3 Bb7 8. d5 Ngf6 9. Nd4 O-O 10. f3 Ne5 11. Bh6 c5 12. dxc6 Nxc6 13. Bxg7 Kxg7 14. Nxc6 Bxc6 15. h4 h5 16. O-O-O Qb6 17. Nd5 Bxd5 18. exd5 Rfc8 19. g4 Rc7 20. gxh5 Nxh5 21. Bd3 Qd4 22. Kb1 Rh8 23. Qa5 Qa7 24. Qe1 Qc5 25. Rg1 Kf8 26. Rg5 Nf6 27. Rd2 b4 28. axb4 Qxb4 29. h5 Rxh5 30. Rxh5 Nxh5 31. c4 Kg7 32. Qe3 Qc5 33. Qg5 Qb4 34. Re2 Rb7 35. Qe3 Qc5 36. Qd2 Qd4 37. Re4 Qf6 38. f4 Ng3 39. Re1 Nf5 40. Ka2 Nd4 41. Rh1 Kg8 42. Be4 Nb3 43. Qc2 Nc5 44. Rh2 a5 45. Rg2 Kf8 46. Bxg6 fxg6 47. Rxg6 Rxb2+ 0-1